 Dungeon Crawl Stone Soup version 0.31-a0-986-g5e6e4ef867 (webtiles) character file.

Game seed: 15507563524070828456

257 horus123 the Digger (level 5, -1/28 HPs)
             Began as a Deep Elf Earth Elementalist on Nov 24, 2023.
             Slain by a black bear (6 damage)
             ... on level 4 of the Dungeon.
             The game lasted 00:06:03 (3357 turns).

horus123 the Digger (Deep Elf Earth Elementalist)   Turns: 3357, Time: 00:06:03

Health: -1/28      AC:  3    Str: 11    XL:     5   Next: 93%
Magic:  7/14       EV: 12    Int: 22    God:
Gold:   156        SH:  0    Dex: 15    Spells: 0/14 levels left

rFire   . . .        e - +0 quarterstaff (protect)
rCold   . . .        (shield currently unavailable)
rNeg    . . .        a - +0 robe
rPois   .            (no helmet)
rElec   .            (no cloak)
rCorr   .            (no gloves)
SInv    .            k - +0 pair of boots
Will    .....        (no amulet)
Stlth   ++           i - +6 ring of strength
HPRegen 0.24/turn    (no ring)
MPRegen 0.14/turn

%: no passive effects
@: very slightly contaminated
A: no striking features
a: no special abilities


You were on level 4 of the Dungeon.
You visited 1 branch of the dungeon, and saw 4 of its levels.

You collected 156 gold pieces.

Inventory:

Hand Weapons
 e - a +0 quarterstaff of protection (weapon)
 m - a +0 rapier
 w - a +0 short sword of draining
Armour
 a - a +0 robe (worn)
 k - a +0 pair of boots (worn)
Jewellery
 i - a +6 ring of strength (left hand)
Wands
 t - a wand of flame (19)
 v - a wand of polymorph (8)
Scrolls
 c - a scroll of silence
 f - 2 scrolls of noise
 h - a scroll of fear
 j - a scroll of teleportation
 p - a scroll of enchant weapon {unknown}
 q - a scroll of poison {unknown}
 s - a scroll of blinking {unknown}
 u - a scroll of fog {unknown}
Potions
 b - a potion of magic
 d - a potion of berserk rage {unknown}
 g - a potion of enlightenment {unknown}
 l - a potion of cancellation {unknown}
 n - a potion of might {unknown}
 o - 3 potions of haste {unknown}
 r - a potion of mutation {unknown}


   Skills:
 - Level 2.4 Dodging
 - Level 2.4 Stealth
 - Level 5.0 Spellcasting
 - Level 1.1 Transmutations
 + Level 6.5 Earth Magic


You couldn't memorise any spells.
You knew the following spells:

 Your Spells              Type           Power      Damage    Failure   Level
a - Sandblast             Erth           68%        2d15      1%          1
b - Stone Arrow           Conj/Erth      38%        3d9       8%          3
c - Petrify               Tmut/Erth      22%        N/A       22%         4
d - Brom's Barrelling Bo  Conj/Erth      19%        2d4       26%         4
e - Blink                 Tloc           10%        N/A       16%         2

Your spell library contained the following spells:

 Spells                   Type           Power      Damage    Failure   Level
 Passwall                 Tmut/Erth      18%        N/A       3%          2
 Apportation              Tloc           10%        N/A       10%         1
 Kiss of Death            Conj/Necr      20%        2d7       10%         1
 Necrotise                Necr           20%        1d5       10%         1
 Summon Small Mammal      Summ           20%        N/A       10%         1
 Confusing Touch          Hex            5%         N/A       30%         3
 Inner Flame              Hex/Fire       5%         N/A       30%         3
 Dispel Undead            Necr           5%         3d7       69%         4
 Flame Wave               Conj/Fire      5%         2d5       69%         4
 Manifold Assault         Tloc           5%         N/A       69%         4
 Sticky Flame             Conj/Fire      5%         2d3       69%         4


Dungeon Overview and Level Annotations

Branches:
Dungeon (4/15)
 Temple: D:4-7

Altars:


Message History

A hobgoblin and a giant cockroach come into view.
There is an open door here.
The blast of sand hits the giant cockroach!
You kill the giant cockroach!
The blast of sand hits the hobgoblin!
You kill the hobgoblin!
You open the door.
A black bear and 4 orcs come into view.
An orc is wielding a +1 flail of protection.
The black bear growls angrily.
The orc shouts! x3
Found a leather armour, a mace, a runed agate ring and 11 gold pieces.
The blast of sand hits the orc!
You kill the orc!
The blast of sand hits the orc!
You kill the orc!
The orc hits you with a +1 flail of protection!
The blast of sand hits the orc.
The orc is severely wounded.
The orc closely misses you.
The blast of sand hits the orc!!
You kill the orc!
The blast of sand hits the black bear!
The black bear is moderately wounded.
The blast of sand hits the black bear!
The black bear is severely wounded.
The black bear closely misses you. The black bear barely misses you.
The black bear closely misses you.
The black bear goes berserk!
You miscast Sandblast.
You are very lightly contaminated with residual magic.
Nothing appears to happen.
The black bear bites you! The black bear claws you.
The black bear barely misses you.
Aiming: Sandblast (safe; 1% risk of failure)
Press: ? - help, Q - select action, (/) - cycle Shift-Dir - straight line, f/p - black bear
Aim: a black bear (severely wounded, berserk, 88% to hit)
The blast of sand hits the black bear.
The black bear is almost dead.
The black bear bites you.
* * * LOW HITPOINT WARNING * * *
The black bear barely misses you. x4; The black bear claws you.
You die...

...####'#........
######.†##.....##
##..##..).#.....##
#...†'....####....
#...^##..## ##...
####..#####+ #...
##..#'## [)# #...
#....##..... #...
###.†.@ho.....
#...
####.##..##...8..
##.. ##.#...##+#
..... #.. #......#
.... #.. #......#
=$# ##.. ##..#...#
## ###...
#...#...## #.....
#........###
#.##..
##....####..#
##.####


You could see a black bear (berserk) and an orc.

Vanquished Creatures
  2 hounds (D:4)
  9 adders
  A white imp (D:4)
  3 worms
  A dart slug (D:3)
  8 orcs
  8 bats
  4 endoplasms
  6 giant cockroaches
  9 goblins
  8 hobgoblins
  6 jackals
  5 quokkas
  6 ball pythons
  2 frilled lizards
  9 kobolds
  3 rats
90 creatures vanquished.

Notes
Turn   | Place    | Note
-------+----------+-------------------------------------------
     0 | D:1      | horus123 the Deep Elf Earth Elementalist began the quest
                  | for the Orb.
     0 | D:1      | Reached XP level 1. HP: 10/10 MP: 6/6
    20 | D:1      | You fall into a shaft and drop 1 floor!
    41 | D:2      | Reached XP level 2. HP: 13/15 MP: 2/9
  1149 | D:2      | Reached skill level 5 in Spellcasting
  1149 | D:2      | Reached XP level 3. HP: 19/19 MP: 8/11
  1153 | D:2      | Learned a level 3 spell: Stone Arrow
  1654 | D:2      | Reached skill level 4 in Earth Magic
  1933 | D:3      | Reached XP level 4. HP: 24/24 MP: 11/13
  2074 | D:3      | Learned a level 4 spell: Petrify
  2088 | D:3      | Learned a level 4 spell: Brom's Barrelling Boulder
  2209 | D:3      | Found a faded altar of an unknown god.
  2409 | D:3      | Reached skill level 5 in Earth Magic
  2957 | D:4      | Reached XP level 5. HP: 28/28 MP: 11/14
  3256 | D:4      | Reached skill level 6 in Earth Magic
  3330 | D:4      | Learned a level 2 spell: Blink
  3349 | D:4      | Noticed a black bear
  3357 | D:4      | Slain by a black bear

Illustrated notes

Levels and vault maps discovered:
D:1:      grunt_arrival_crossed_arrows, layout_loops_corners
D:2:      layout_basic
D:3:      layout_basic, ebering_ecumenical_altar_abandoned, st_stairs_10,
          kennysheep_pointless_box, kennysheep_generic_room_7
D:4:      minmay_bubble_buster, layout_cave_pools, guppyfry_early_lair_pool

Skill      XL: |  1  2  3  4  5 |
---------------+----------------+-----
Spellcasting   | 4 5 |  5.0
Earth Magic    | 4 5 6 |  6.5
Dodging        | |  2.4
Stealth        | |  2.4
Transmutations | |  1.1

Action                     |  1- 3 |  4- 6 || total
---------------------------+-------+-------++-------
  Melee: Quarterstaff      |       |     4 ||     4
   Cast: Sandblast         |    57 |    65 ||   122
    Use: Scroll            |     5 |     1 ||     6
 Armour: Robe              |    10 |    11 ||    21
  Dodge: Dodged            |    14 |    21 ||    35

Table legend: (Time is in decaauts)
 A = Elapsed time spent in this place.
 B = Non-inter-level travel time spent in this place.
 C = Inter-level travel time spent in this place.
 D = Time resting spent in this place.
 E = Time spent auto-exploring this place.
 F = Levels seen in this place.
 G = Mean time per level.
                   A        B        C        D        E       F      G
               +--------+--------+--------+--------+--------+-----+--------+
         Total |   3418 |   3322 |     96 |     55 |   2716 |   4 |  854.5 |
       Dungeon |   3418 |   3322 |     96 |     55 |   2716 |   4 |  854.5 |
               +--------+--------+--------+--------+--------+-----+--------+

Top non-repeatable levels by time:
     D:2: 1003 daAuts
     D:3: 977 daAuts
     D:1: 955 daAuts
     D:4: 482 daAuts
